[Event "Rapid Tournament (RAP)"]
[Site "Biel, Switzerland"]
[Date "2026.07.12"]
[Round "4.48"]
[White "Hashem, Khaled"]
[Black "Zumbrunn, Simon"]
[Result "1-0"]
[TimeControl "15 + 5"]
[WhiteTitle "-"]
[BlackTitle "-"]
[WhiteFideId "10300201"]
[BlackFideId "1364146"]
[WhiteElo "1926"]
[BlackElo "1727"]

1. c4 Nf6 2. g3 g6 3. Bg2 Bg7 4. Nf3 c5 5. O-O O-O 6. Nc3 d6 7. h3 Nc6 8. e3 Bf5 9. d4 Rc8 10.
Nh4 Bd7 11. b3 Ne8 12. Nf3 Nc7 13. Bb2 a6 14. Qd2 b5 15. dxc5 dxc5 16. Rfd1 Nb8 17. cxb5 axb5 18. Ne4 Ne6 19.
Bxg7 Kxg7 20. Ne5 Rc7 21. Rac1 Qc8 22. Qb2 Kg8 23. Nxd7 Nxd7 24. Nc3 Rb7 25. Bxb7 Qxb7 26. Qd2 Nf6 27. Nd5 Ne4 28. Qc2 N6g5 29. Kh2 e6 30. h4 Nf3+ 31. Kg2 Nxh4+ 32. gxh4 exd5 33. f3 Nd6 34.
Qxc5 Nf5 35. Kf2 Qb8 36. Qc7 Qe8 37. Qf4 Qe6 38. Re1 Ra8 39. Re2 Re8 40. h5 d4 41. e4 d3 42. Rd2 Qb6+ 43. Kg2 Ne3+ 44. Kh2 Qd4 45.
h6 Rd8 46. Rc7 f5 47. Rg7+ Kh8 48.
Qc7 1-0

[Event "Rapid Tournament (RAP)"]
[Site "Biel, Switzerland"]
[Date "2026.07.12"]
[Round "4.49"]
[White "Lopez, Manuel"]
[Black "Boner, Timm"]
[Result "1-0"]
[TimeControl "15 + 5"]
[WhiteTitle "-"]
[BlackTitle "-"]
[WhiteFideId "1306324"]
[BlackFideId "1330039"]
[WhiteElo "1916"]
[BlackElo "1720"]

1. e4 e5 2. Nf3 Nc6 3. Bb5 d6 4.
d4 exd4 5. Nxd4 Bd7 6. O-O Nxd4 7. Bxd7+ Qxd7 8. Qxd4 Nf6 9. Nc3 Be7 10. Be3 O-O 11. f3 c5 12. Qd2 Rfe8 13. Rad1 Rad8 14.
a4 b6 15. b3 a6 16. Nd5 Nxd5 17. Qxd5 Bf6 18. c4 Re5 19. Qd3 Rh5 20. Rd2 Bg5 21. f4 Be7 22. Qe2 Rh4 23. g3 Qg4 24.
Qxg4 Rxg4 25. Kg2 h5 26. h3 Rg6 27. f5 Bg5 28. fxg6 Bxe3 29. gxf7+ Kf8 30. Rd5 g6 31. Rf6 g5 32.
Rdxd6 Rxd6 33. Rxd6 Kxf7 34. Rxb6 a5 35. Kf3 Bd4 36. Ra6 Bc3 37. Rh6 g4+ 38. hxg4 hxg4+ 39. Kxg4 Bd2 40. Rb6 Ke7 41.
Kf5 1-0

[Event "Rapid Tournament (RAP)"]
[Site "Biel, Switzerland"]
[Date "2026.07.12"]
[Round "4.50"]
[White "Ghosh, David"]
[Black "Lachat, Pierre"]
[Result "0-1"]
[TimeControl "15 + 5"]
[WhiteTitle "-"]
[BlackTitle "-"]
[WhiteFideId "1366718"]
[BlackFideId "1310763"]
[WhiteElo "1685"]
[BlackElo "1904"]

1. e4 c5 2. Nf3 e6 3. d4 cxd4 4. Nxd4 Nc6 5. Nc3 Bb4 6. Ndb5 Nge7 7. Nd6+ Bxd6 8. Qxd6 a6 9. Be3 O-O 10.
O-O-O Qa5 11. f4 Re8 12. g4 b5 13. b3 Qxc3 14. Kb1 Qxe3 15. h4 Ng6 16. f5 Nge5 17. f6 Qxe4 18. fxg7 Qxh1 0-1

[Event "Rapid Tournament (RAP)"]
[Site "Biel, Switzerland"]
[Date "2026.07.12"]
[Round "4.51"]
[White "Berger, Vincent"]
[Black "Haefliger, Patrick"]
[Result "1/2-1/2"]
[TimeControl "15 + 5"]
[WhiteTitle "-"]
[BlackTitle "-"]
[WhiteFideId "1317822"]
[BlackFideId "1372777"]
[WhiteElo "1877"]
[BlackElo "1685"]

1. d4 c5 2. c3 Nf6 3. Nf3 g6 4. g3 Bg7 5. Bg2 O-O 6. O-O d6 7. Re1 Na6 8. e4 Nd7 9. e5 dxe5 10.
dxe5 Nc7 11. Nbd2 Rb8 12. a4 b6 13. Nc4 Ba6 14. Qb3 Bxc4 15. Qxc4 Ne6 16. b3 Qc7 17. Qe4 Rbd8 18. Bb2 Nb8 19.
Rad1 Rxd1 20. Rxd1 Rd8 21. Rxd8+ Nxd8 22. c4 e6 23. Qd3 Ndc6 24. Qe2 Nd7 25. Qe4 Ndxe5 26. Ng5 f5 27. Qh4 Bf6 28.
Qxh7+ Qxh7 29. Nxh7 Kxh7 30. Bxc6 Nxc6 31. Bxf6 Na5 32. Be5 Nxb3 33. Bb8 Nd2 34. Bxa7 Nxc4 35. Kf1 Nb2 36. Bxb6 Nxa4 37. Ke2 1/2-1/2

[Event "Rapid Tournament (RAP)"]
[Site "Biel, Switzerland"]
[Date "2026.07.12"]
[Round "4.52"]
[White "Gast, Michael"]
[Black "Jaussi, Kevin"]
[Result "1-0"]
[TimeControl "15 + 5"]
[WhiteTitle "-"]
[BlackTitle "-"]
[WhiteFideId "1373196"]
[BlackFideId "1324721"]
[WhiteElo "1682"]
[BlackElo "1859"]

1. e4 c6 2. d4 d5 3. f3 e6 4. a3 c5 5. c3 Nc6 6. Be3 c4 7. Nd2 Nge7 8. b3 b5 9. Be2 Na5 10.
bxc4 bxc4 11. exd5 Nxd5 12. Bf2 Nxc3 13. Qc2 Nxe2 14. Nxe2 Bd7 15. O-O Be7 16. Bg3 O-O 17. Rfb1 Bf6 18.
Ne4 Nb3 19. Nxf6+ Qxf6 20. Be5 Qh6 21. Ra2 Qe3+ 22. Kf1 Ba4 23. Bf4 Nxd4 24. Qxa4 Qd3 25. Rd1 Qxe2+ 26. Rxe2 1-0

[Event "Rapid Tournament (RAP)"]
[Site "Biel, Switzerland"]
[Date "2026.07.12"]
[Round "4.53"]
[White "Gheorghiu, Gabriel-Ion"]
[Black "Tan, Jimmy"]
[Result "1/2-1/2"]
[TimeControl "15 + 5"]
[WhiteTitle "-"]
[BlackTitle "-"]
[WhiteFideId "1248820"]
[BlackFideId "129057499"]
[WhiteElo "1679"]
[BlackElo "1845"]

1. d4 Nf6 2. c4 c5 3. d5 b5 4. b3 e6 5. dxe6 fxe6 6. e3 g6 7. Nf3 Bg7 8. Bb2 O-O 9. Be2 Bb7 10.
O-O b4 11. Nbd2 Nc6 12. Qc2 Qe7 13. Rad1 a5 14. Ng5 Rad8 15. Bf3 d5 16. cxd5 exd5 17. Nb1 Ne5 18. Rd2 Nxf3+ 19. Nxf3 d4 20.
exd4 Bxf3 21. gxf3 Nh5 22. Qc4+ Kh8 23. dxc5 Rxd2 24. Bxg7+ Nxg7 25. Nxd2 Qg5+ 26. Kh1 Qxd2 27. c6 Qd6 28.
Rc1 Ne6 29. Re1 Nc7 30. Re3 Rf4 31. Rd3 Rxc4 32. Rxd6 Rc1+ 33. Kg2 Nb5 34. Rd5 Nc3 35. Rd8+ Kg7 36. c7 Nxa2 37. c8=Q
Rxc8 38. Rxc8 Nc3 39. Rc5 a4 40. bxa4 Nxa4 41. Rb5 Nc3 42. Rxb4 Nd5 43. Rb3 Kf6 1/2-1/2

[Event "Rapid Tournament (RAP)"]
[Site "Biel, Switzerland"]
[Date "2026.07.12"]
[Round "4.54"]
[White "Guidi, Elia"]
[Black "Erb, Bernhard"]
[Result "0-1"]
[TimeControl "15 + 5"]
[WhiteTitle "-"]
[BlackTitle "-"]
[WhiteFideId "1351931"]
[BlackFideId "1319809"]
[WhiteElo "1627"]
[BlackElo "1837"]

1. d4 e6 2. c4 Nf6 3. Nc3 c5 4. d5 d6 5. e4 exd5 6. exd5 Nbd7 7. Nf3 Be7 8. Bd3 O-O 9. O-O Ng4 10.
Re1 Nde5 11. Nxe5 Nxe5 12. Bc2 Nxc4 13. Qh5 g6 14. Qh6 Ne5 15. Ne4 f5 16. Ng5 Bxg5 17. Bxg5 Qd7 18. Qh4 Rf7 19.
Rxe5 dxe5 20. d6 b6 21. Bb3 Bb7 22. Qh6 Qc6 23. Bxf7+ Kxf7 24. Qxh7+ Ke6 25. Qxg6+ Kd5 26. Qxf5 Kc4 27.
Rc1+ Kb5 28. Qd3+ c4 29. a4+ Ka5 30. Bd2+ Ka6 31. Qg3 Qxd6 32. Be3 Rc8 33. Qg4 Qc6 34. Rd1 Qxa4 35. h3 Qc6 36.
Ra1+ Kb5 37. Qg5 Re8 38. Qg3 a5 39. f3 Qd5 40. Qg7 Ka6 41. Qh6 Qb5 42. Qg6 Rc8 43. Qc2 Rg8 44. Kh1 Rd8 45. Re1 Rd3 46. Bf2 Rb3 47.
Qf5 Rxb2 48. Rxe5 Qb4 49. Be3 Qe1+ 50. Kh2 Rb1 51. Qf6 Qh1+ 52. Kg3 0-1

[Event "Rapid Tournament (RAP)"]
[Site "Biel, Switzerland"]
[Date "2026.07.12"]
[Round "5.1"]
[White "Bu, Xiangzhi"]
[Black "Gopal, G.N."]
[Result "1/2-1/2"]
[TimeControl "15 + 5"]
[WhiteTitle "-"]
[BlackTitle "-"]
[WhiteFideId "8601445"]
[BlackFideId "5015693"]
[WhiteElo "2583"]
[BlackElo "2471"]

1. Nf3 c5 2. c4 Nf6 3. Nc3 Nc6 4. g3 d5 5. d4 e6 6. cxd5 Nxd5 7. Bg2 cxd4 8. Nxd4 Nxc3 9. bxc3 Nxd4 10. Qxd4 Qxd4 11. cxd4 Bd6 12. O-O Rb8 13. e4 b6 14. e5 Be7 15. d5 exd5 16.
Bxd5 Be6 17. Rd1 Bxd5 18. Rxd5 Rd8 19. Rxd8+ Kxd8 20. Bb2 Bc5 21. Rd1+ Ke7 22. e6 f6 23. Rd7+ Kxe6 24. Rxa7 Rd8 25.
Ba3 Bxa3 26. Rxa3 Rd2 1/2-1/2

[Event "Rapid Tournament (RAP)"]
[Site "Biel, Switzerland"]
[Date "2026.07.12"]
[Round "5.2"]
[White "Savitha, Shri B"]
[Black "Sasikiran, Krishnan"]
[Result "1/2-1/2"]
[TimeControl "15 + 5"]
[WhiteTitle "-"]
[BlackTitle "-"]
[WhiteFideId "35061887"]
[BlackFideId "5004985"]
[WhiteElo "2317"]
[BlackElo "2520"]

1. e4 e5 2. Nf3 Nc6 3. Bb5 a6 4. Ba4 Nf6 5. Nc3 b5 6. Bb3 Be7 7. d3 d6 8. a4 b4 9. Nd5 Na5 10. Ba2 Nxd5 11. Bxd5 c6 12. Ba2 c5 13. O-O O-O 14. c3 bxc3 15. bxc3 Rb8 16. d4 Qc7 17. Ba3 Rd8 18. h3 Bf6 19.
Rc1 h6 20. Re1 Bd7 21. d5 Rb7 22. Qc2 Rdb8 23. Rb1 Rxb1 24. Rxb1 Rxb1+ 25. Bxb1 Nc4 26. Qb3 Na5 27. Qd1 Nc4 28. Qb3 Na5 29. Qd1 1/2-1/2

[Event "Rapid Tournament (RAP)"]
[Site "Biel, Switzerland"]
[Date "2026.07.12"]
[Round "5.3"]
[White "Alexakis, Dimitris"]
[Black "Arjun, Kalyan"]
[Result "1-0"]
[TimeControl "15 + 5"]
[WhiteTitle "-"]
[BlackTitle "-"]
[WhiteFideId "4277023"]
[BlackFideId "35018701"]
[WhiteElo "2518"]
[BlackElo "2390"]

1. e4 e5 2. Nf3 Nc6 3. Bb5 a6 4.
Ba4 Nf6 5. O-O b5 6. Bb3 Bc5 7. c3 d6 8. d4 Bb6 9. h3 Bb7 10. Re1 O-O 11. Be3 Na5 12. Bc2 exd4 13. Bxd4 c5 14.
Bxf6 Qxf6 15. Nbd2 c4 16. Nf1 Nc6 17. Ne3 Ne5 18. Nd4 g6 19. Qd2 h5 20. Rf1 Rfe8 21. Kh1 Nd3 22. b3 b4 23.
Nxc4 bxc3 24. Qxd3 Bxe4 25. Qxe4 Rxe4 26. Bxe4 d5 27. Bxd5 Rd8 28. Nc6 Rxd5 29. Nxb6 Rb5 30. Nc8 Rc5 31. N8e7+ Kg7 32. Rac1 c2 33. b4 Rxc6 34. Nxc6 Qxc6 35. f3 Qc4 36. Rf2 Qxa2 37. Rfxc2 Qb3 38. Rc4 Qb2 39.
h4 Qd2 40. R1c2 Qd3 41. Kh2 Qd6+ 42. Kg1 Qd1+ 43. Kf2 Qd3 44. Kg1 Qd1+ 45. Kh2 Qd6+ 46. Kh3 Qd7+ 47. Kg3 Qd6+ 48. Kf2 Qd3 49. g3 Qd5 50. Rf4 Qd3 51. Re2 Qd6 52. Kg2 Qc6 53.
Re7 Qc2+ 54. Kh3 Qf2 55. Rfxf7+ Kg8 56. g4 Qf1+ 57. Kg3 Qg1+ 58.
Kf4 Qc1+ 59. Ke5 Qc3+ 60. Kd5 hxg4 61. fxg4 Qxb4 62. Rg7+ Kh8 63. Rh7+ Kg8 64. Reg7+ Kf8 65. Rb7 Qd2+ 66. Kc6 Qc3+ 67. Kd7 Qd4+ 68. Kc8 Qxg4+ 69. Kb8 Kg8 70. Rhc7 Qf4 71. Ka8 Qf8+ 72. Rb8 a5 73.
Rxf8 Kxf8 74. Kb7 1-0

[Event "Rapid Tournament (RAP)"]
[Site "Biel, Switzerland"]
[Date "2026.07.12"]
[Round "5.4"]
[White "Aronyak, Ghosh"]
[Black "Dong, Hongfu"]
[Result "1/2-1/2"]
[TimeControl "15 + 5"]
[WhiteTitle "-"]
[BlackTitle "-"]
[WhiteFideId "25072846"]
[BlackFideId "8626960"]
[WhiteElo "2482"]
[BlackElo "2271"]

1. Nf3 Nf6 2. g3 c5 3. Bg2 Nc6 4. O-O e5 5. e4 d6 6. d3 g6 7. c4 h5 8. Nc3 Bg4 9. h3 Bxf3 10.
Qxf3 Nd4 11. Qd1 Bh6 12. Bxh6 Rxh6 13. Qd2 Rh7 14. h4 Nd7 15. Nd5 Nf6 16. Nc3 Nd7 17. f4 exf4 18. Qxf4 Ne5 19.
Qd2 Kf8 20. Nd5 Kg7 21. Rf2 Ng4 22. Rf4 Ne6 23. Qc3+ Kf8 24. Rff1 Nc7 25. Nf6 Nxf6 26. Rxf6 Ne8 27. Rf3 Qe7 28. Raf1 Qe5 29. Bh3 Kg8 30.
Kg2 1/2-1/2

[Event "Rapid Tournament (RAP)"]
[Site "Biel, Switzerland"]
[Date "2026.07.12"]
[Round "5.5"]
[White "Cao, Qingfeng"]
[Black "Ghosh, Diptayan"]
[Result "1-0"]
[TimeControl "15 + 5"]
[WhiteTitle "-"]
[BlackTitle "-"]
[WhiteFideId "8627568"]
[BlackFideId "5045207"]
[WhiteElo "2265"]
[BlackElo "2480"]

1. d4 d5 2. c4 e6 3. Nf3 Nf6 4.
g3 dxc4 5. Bg2 Nbd7 6. O-O c6 7. a4 b6 8. Nfd2 Ba6 9. Bxc6 Rc8 10. Bb5 Bb7 11. Nc3 h5 12. Nxc4 a6 13. Bxd7+ Nxd7 14.
Qd3 h4 15. Bf4 hxg3 16. Bxg3 Bb4 17. f3 Nf6 18. Rad1 Nh5 19. Ne5 Nxg3 20. hxg3 Qg5 21. Kg2 f6 22. Qg6+ Qxg6 23. Nxg6 Rh6 24. Nf4 Kf7 25. Rc1 Rch8 26.
Kf2 Rh2+ 27. Ke3 g5 28. Nd3 Bd6 29. Ne4 Bb8 30. Ndf2 Rg2 31. Rh1 Rxh1 32. Rxh1 Kg7 33. Rc1 Kg6 34.
Nd3 f5 35. Nd2 Bxg3 36. Nc4 Kf6 37. Nce5 g4 38. f4 Bxf4+ 39. Nxf4 Rg3+ 40. Kf2 Rb3 41. Rc3 Rxb2 42. Rc7 Be4 43. Rf7+ Kg5 44. Nxe6+ Kh6 45. Rf6+ Kh5 46. Ng7+ Kh4 47. Rh6+ Kg5 48. Nf7+ Kf4 49. Ne6# 1-0

[Event "Rapid Tournament (RAP)"]
[Site "Biel, Switzerland"]
[Date "2026.07.12"]
[Round "5.6"]
[White "Xu, Chang(Cq)"]
[Black "Cherniaev, Alexander"]
[Result "0-1"]
[TimeControl "15 + 5"]
[WhiteTitle "-"]
[BlackTitle "-"]
[WhiteFideId "8641757"]
[BlackFideId "4117301"]
[WhiteElo "2082"]
[BlackElo "2299"]

1. e4 c5 2. Nf3 Nc6 3. Bb5 e6 4. O-O Nge7 5. Re1 Nd4 6. Nxd4 cxd4 7. c3 a6 8. Ba4 b5 9. Bb3 Nc6 10.
d3 Bb7 11. Nd2 Bc5 12. Qg4 Qf6 13. Nf3 Qg6 14. Qxg6 hxg6 15. Bd2 d6 16. h3 Kd7 17. a3 f6 18. Kf1 g5 19. Ke2 Rac8 20.
Rec1 Bb6 21. Rc2 dxc3 22. bxc3 Rc7 23. Rca2 Na5 24. Bd1 d5 25. e5 d4 26. cxd4 Bxf3+ 27. Kxf3 Nc6 28. Be3 Nxd4+ 29. Bxd4 Bxd4 30. Rb1 Bxe5 31. a4 Rb8 32. axb5 axb5 33. Bb3 Rb6 34. Ra8 Bd4 35. Rg8 f5 36. g4 Rc3 37. Ke2 Ra6 38. Rb8 Rc5 39. Rb7+ Kd6 40.
Rb8 Ke5 41. Kf3 Kf6 42. Rf8+ Ke7 43. Rb8 Rd6 44. Rb7+ Rd7 45.
Rb6 Re5 46. Rb8 Ba7 47. Ra8 Rxd3+ 48. Kg2 Rd7 49. Bd1 Bc5 50. Bf3 b4 51. Rg8 Kf7 52. Rb8 Rd2 53. Rf1 g6 54. Rb7+ Kf6 55. Rb8 Be7 56. Rb7 Ra5 57.
Rc1 Raa2 58. Rf1 Bc5 59. Kg1 Bxf2+ 60. Kh1 Bc5 0-1

[Event "Rapid Tournament (RAP)"]
[Site "Biel, Switzerland"]
[Date "2026.07.12"]
[Round "5.7"]
[White "Rohrer, Christophe"]
[Black "Amonatov, Farrukh"]
[Result "1/2-1/2"]
[TimeControl "15 + 5"]
[WhiteTitle "-"]
[BlackTitle "-"]
[WhiteFideId "1326546"]
[BlackFideId "14700077"]
[WhiteElo "2202"]
[BlackElo "2593"]

1. e4 c5 2. Nf3 d6 3. Bc4 Nf6 4.
d3 e6 5.
O-O Be7 6. a4 Nc6 7. Nbd2 O-O 8. Re1 a6 9. Bb3 Rb8 10. c3 b5 11. axb5 axb5 12. d4 c4 13. Bc2 e5 14. d5 Na5 15. Nf1 Nb7 16. Be3 Qc7 17. h3 Nc5 18.
N1d2 g6 19. Qe2 Bd7 20. Nh2 Nh5 21. Ng4 Nf4 22. Bxf4 exf4 23. Nh2 Bf6 24. Nhf3 b4 25. Nd4 bxc3 26. bxc3 Nb3 27. Bxb3 Bxd4 28. cxd4 cxb3 29. Rab1 b2 30. e5 Bf5 31. Ne4 dxe5 32.
Rxb2 exd4 33. Rxb8 Rxb8 34. d6 Qa5 35. Nf6+ Kg7 36. Qe7 d3 37. Ne8+ Kg8 38. Nf6+ Kg7 39. Ne8+ Kg8 40. Nf6+ Kg7 41. Ne8+ Kg8 1/2-1/2

[Event "Rapid Tournament (RAP)"]
[Site "Biel, Switzerland"]
[Date "2026.07.12"]
[Round "5.8"]
[White "Erne, Raphael"]
[Black "Kozak, Adam"]
[Result "0-1"]
[TimeControl "15 + 5"]
[WhiteTitle "-"]
[BlackTitle "-"]
[WhiteFideId "1341928"]
[BlackFideId "753246"]
[WhiteElo "2122"]
[BlackElo "2592"]

1. c4 c5 2. g3 Nc6 3. Bg2 g6 4. Nc3 Bg7 5. Nf3 Rb8 6. O-O a6 7. a4 d6 8. d3 e5 9. Ne1 Nge7 10.
Nc2 O-O 11. Ne3 Be6 12. Ned5 Nb4 13. e4 Nexd5 14. Nxd5 Nxd5 15. exd5 Bd7 16. Bd2 b5 17. axb5 axb5 18. b4 cxb4 19.
Bxb4 Qb6 20. cxb5 Bxb5 21. Rb1 Rfd8 22. Qd2 Qd4 23. Rfd1 Bxd3 24. Bc3 Bxb1 25. Bxd4 exd4 26. Rc1 Bf5 27. Bf3 Rb3 28. Kg2 Rc3 29.
g4 Bc8 30. Re1 Be5 31. h3 Kg7 32. Rb1 Rd7 33. Rb8 Rdc7 34. Be4 h6 35. Ra8 Bb7 36. Ra4 f5 37. gxf5 gxf5 38. Bf3 Kh7 39.
Rxd4 Rg7+ 40. Bg4 Bxd4 41. Qxd4 Rc5 42. Kh2 Rxd5 43.
Qb4 fxg4 44. Qe4+ Kh8 45. Qe8+ Rg8 46. Qe6 Rh5 47. Qf6+ Rg7 48. h4 Kh7 49. Kg3 Be4 50. Qxd6 Rf5 51. Qd4 Rf3+ 0-1

[Event "Rapid Tournament (RAP)"]
[Site "Biel, Switzerland"]
[Date "2026.07.12"]
[Round "5.9"]
[White "Labrovic, Jakov"]
[Black "Ganguly, Surya Shekhar"]
[Result "0-1"]
[TimeControl "15 + 5"]
[WhiteTitle "-"]
[BlackTitle "-"]
[WhiteFideId "14549786"]
[BlackFideId "5002150"]
[WhiteElo "2005"]
[BlackElo "2545"]

1. e4 e5 2. Nf3 Nc6 3. Bb5 a6 4.
Ba4 f5 5. d3 fxe4 6. dxe4 Nf6 7. O-O d6 8. Re1 Be7 9. Bb3 Na5 10. c3 Bg4 11. Nbd2 Qd7 12. Bc2 O-O 13. Nf1 Kh8 14.
Ng3 Nh5 15. Nf5 g6 16. Nxe5 Bxd1 17. Nxd7 Bxc2 18. Nxf8 Bxf8 19. Nd4 Ba4 20. Ne6 Rc8 21. Be3 Be7 22. Nxc7 Rxc7 23. Bb6 Rc5 24.
Bxc5 dxc5 25. b3 Bd7 26. Rad1 Be6 27. g3 g5 28.
Rf1 Nc6 29. f4 gxf4 30. gxf4 Bh3 31. Rf2 Bh4 32. e5 Kg7 33. Rf3 Bg4 34. Kg2 Nxf4+ 35. Rxf4 Bxd1 36. Rxh4 Nxe5 37. b4 cxb4 38.
cxb4 Bg4 39. h3 Be6 40. Rd4 Bxa2 41. Kg3 Be6 42. h4 Nc6 43. Re4 Kf6 44. Kf2 h5 45. Ke3 b5 46. Rf4+ Bf5 47.
Rf1 Ke5 48. Rc1 Nxb4 49. Rc5+ Nd5+ 50. Kd2 Kd4 51. Rc6 a5 52. Rh6 Bg4 53. Rd6 a4 54. Kc1 Kc4 55. Kb2 b4 56. Ra6 a3+ 57.
Ka2 Nc3+ 58. Ka1 Ne4 59. Ka2 Nc5 60. Ra7 Be6 61. Ka1 Nb3+ 62. Ka2 Nd4 63. Ka1 Nc2+ 64. Kb1 b3 65. Rc7+ Kd4 66.
Ra7 a2+ 67. Kb2 a1=Q+ 0-1

[Event "Rapid Tournament (RAP)"]
[Site "Biel, Switzerland"]
[Date "2026.07.12"]
[Round "5.10"]
[White "Acs, Peter"]
[Black "Menzi, Jonas"]
[Result "1-0"]
[TimeControl "15 + 5"]
[WhiteTitle "-"]
[BlackTitle "-"]
[WhiteFideId "708020"]
[BlackFideId "1345133"]
[WhiteElo "2474"]
[BlackElo "2114"]

1. e4 e5 2. Nf3 Nc6 3. d4 exd4 4.
Bc4 Nf6 5. e5 d5 6. Bb5 Ne4 7. Nxd4 Bc5 8. Be3 O-O 9.
Nxc6 bxc6 10. Bxc5 Nxc5 11. Bxc6 Rb8 12. Qxd5 Qe7 13. O-O Rd8 14. Qf3 Ne6 15. Nc3 Nd4 16. Qe4 Bf5 17. Nd5 Qc5 18. Qe3 Kh8 19. Rfd1 Qxc6 20.
Qxd4 Qxc2 21. Rd2 Qe4 22. Qxe4 Bxe4 23. Rad1 c6 24. Ne3 Rxd2 25. Rxd2 g5 26. f3 Bg6 27. Kf2 Rb5 28. Nc4 Rb4 29.
b3 Kg7 30. Ke3 h6 31. Kd4 Rb5 32. Kc3 Bf5 33. Rd6 Be6 34. a4 Rc5 35. Kd4 Rd5+ 36. Rxd5 Bxd5 37. b4 f6 38. Ne3 fxe5+ 39. Kxe5 Bb3 40. a5 Ba4 41.
Nf5+ Kg6 42. Nd4 h5 43. Kd6 a6 44. Nxc6 Bb5 45. Nd4 Bf1 46. b5 1-0

[Event "Rapid Tournament (RAP)"]
[Site "Biel, Switzerland"]
[Date "2026.07.12"]
[Round "5.11"]
[White "Laub, Patrick"]
[Black "Gloeckler, Christian"]
[Result "0-1"]
[TimeControl "15 + 5"]
[WhiteTitle "-"]
[BlackTitle "-"]
[WhiteFideId "1302566"]
[BlackFideId "34608966"]
[WhiteElo "1949"]
[BlackElo "2332"]

1. e4 c5 2. Nc3 d6 3.
Bc4 Nc6 4. f4 g6 5. Nf3 Bg7 6. O-O Nf6 7. d3 e6 8. Bb5 Bd7 9. a3 O-O 10. Kh1 d5 11. e5 Ne8 12. d4 cxd4 13.
Nxd4 Nxd4 14. Qxd4 Bxb5 15. Nxb5 a6 16. Nc3 Nd6 17. Qb4 Nf5 18. g4 a5 19. Qb5 Nd4 20. Qd3 Nc6 21. g5 Re8 22.
h4 h5 23. Bd2 Ne7 24. Nb5 Nf5 25. Nd4 Nxd4 26. Qxd4 Rc8 27. Bc3 Rc4 28. Qd2 b6 29. Rad1 Qc7 30. Rf2 Rc8 31. Rc1 d4 32. Bxd4 Rd8 0-1

[Event "Rapid Tournament (RAP)"]
[Site "Biel, Switzerland"]
[Date "2026.07.12"]
[Round "5.12"]
[White "Pinson, Clement"]
[Black "Maier, Christian"]
[Result "1/2-1/2"]
[TimeControl "15 + 5"]
[WhiteTitle "-"]
[BlackTitle "-"]
[WhiteFideId "26098660"]
[BlackFideId "4601955"]
[WhiteElo "1924"]
[BlackElo "2314"]

1. e4 e5 2. Nf3 Nc6 3. Bc4 Nf6 4.
d3 Bc5 5. c3 d6 6. Bg5 h6 7. Bh4 a6 8. Nbd2 O-O 9. O-O Re8 10. b4 Ba7 11. Re1 Be6 12. Bd5 g5 13. Bxe6 Rxe6 14.
Bg3 Ne7 15. Nc4 Ng6 16. Ne3 Bxe3 17. fxe3 a5 18. a3 b5 19. Qc2 d5 20. exd5 Qxd5 21. d4 e4 22. Ne5 Nxe5 23. dxe5 Ng4 24.
Rad1 Qc6 25. Rd4 axb4 26. axb4 Nxe5 27. Qxe4 Rae8 28. Qxc6 Rxc6 29. Rd5 f6 30. Rxb5 Rxc3 31. Rc5 Rxc5 32.
bxc5 Nd3 33. Re2 c6 34. Bd6 Re4 35. h3 Kf7 36. Ra2 Rxe3 37.
Ra7+ Kg6 38. Rc7 Re1+ 39. Kh2 Nb4 40. Rb7 Re4 41. g4 h5 42. Kg3 f5 43. gxf5+ Kxf5 44. Rf7+ Kg6 45. Rb7 Nd5 46.
Rb8 Re3+ 47. Kg2 Kf5 48. Rf8+ Ke4 49. Re8+ Kd4 50. Rg8 Nf4+ 51. Bxf4 gxf4 52. Rf8 f3+ 53. Kf2 Rc3 54. Rf4+ Ke5 55. Rh4 Rxc5 56. Rxh5+ Kd4 57. Rxc5 Kxc5 58. h4 Kd5 59. Kxf3 1/2-1/2

[Event "Rapid Tournament (RAP)"]
[Site "Biel, Switzerland"]
[Date "2026.07.12"]
[Round "5.13"]
[White "Lu, Miaoyi"]
[Black "Hornung, Hans"]
[Result "1-0"]
[TimeControl "15 + 5"]
[WhiteTitle "-"]
[BlackTitle "-"]
[WhiteFideId "8618020"]
[BlackFideId "4615140"]
[WhiteElo "2309"]
[BlackElo "2040"]

1. e4 c5 2. c3 e6 3. Nf3 d5 4. exd5 exd5 5. Bb5+ Bd7 6. Qe2+ Be7 7. d4 Nf6 8. Bxd7+ Nbxd7 9. O-O O-O 10.
Bf4 Re8 11. Qc2 Rc8 12. Nbd2 Qb6 13. a4 cxd4 14. a5 Qa6 15. Nxd4 Bc5 16. N2b3 Ne4 17. Nxc5 Ndxc5 18. f3 Nf6 19.
Rfd1 h6 20. Qd2 Ne6 21. Be3 Nh7 22. Nf5 Nhf8 23. Qxd5 Rcd8 24. Nd6 Nc7 25. Qxf7+ Kh8 26. Nxe8 Rxe8 27. Qxc7 Rxe3 28. Rd8 Qf6 29. Qb8 Kg8 30. Rad1 1-0

[Event "Rapid Tournament (RAP)"]
[Site "Biel, Switzerland"]
[Date "2026.07.12"]
[Round "5.14"]
[White "Balabayeva, Xeniya"]
[Black "Haugner, Jan"]
[Result "1-0"]
[TimeControl "15 + 5"]
[WhiteTitle "-"]
[BlackTitle "-"]
[WhiteFideId "13719688"]
[BlackFideId "24655244"]
[WhiteElo "2291"]
[BlackElo "2079"]

1. d4 d5 2. Nf3 e6 3. Bf4 Nf6 4. e3 c5 5.
c3 Nc6 6. Nbd2 cxd4 7. exd4 Nh5 8.
Be3 Bd6 9. Bb5 Nf4 10. O-O Ng6 11. Re1 O-O 12. a4 Bd7 13. Bd3 f6 14. Nf1 Qe8 15. b4 Qf7 16. Qb3 Nf4 17. Bxf4 Bxf4 18.
c4 g5 19. Ne3 Ne7 20. cxd5 exd5 21. Nxd5 Nxd5 22. Bc4 Bc6 23.
b5 Rfd8 24. bxc6 bxc6 25. g3 Rab8 26.
Qc2 Bd6 27. Qf5 Kg7 28. Rac1 Ba3 29. Rc2 Rd6 30. Nd2 Qd7 31. Qf3 Bb4 32. Rb1 f5 33. a5 Rb7 34. Rcb2 Nc3 35. Ra1 Rxd4 36.
Rxb4 Rxb4 37. Qxc3 c5 38. Bf1 Kg6 39. Nf3 Re4 40. Ne5+ Rxe5 41. Qxe5 1-0

[Event "Rapid Tournament (RAP)"]
[Site "Biel, Switzerland"]
[Date "2026.07.12"]
[Round "5.15"]
[White "Filipovic, Branko"]
[Black "Sadeghi, Hassan Roger"]
[Result "1/2-1/2"]
[TimeControl "15 + 5"]
[WhiteTitle "-"]
[BlackTitle "-"]
[WhiteFideId "14507951"]
[BlackFideId "1304712"]
[WhiteElo "2279"]
[BlackElo "2028"]

1. d4 d5 2. Bf4 c5 3. e3 Nc6 4. Nf3 Bg4 5. Nbd2 e6 6. c3 cxd4 7. exd4 Bd6 8. Bxd6 Qxd6 9. Bd3 Nge7 10. O-O h6 11. Re1 O-O 12.
a4 Rac8 13. a5 Qc7 14. Qa4 Bf5 15. Bf1 Kh8 16. Ne5 Nxe5 17. dxe5 Nc6 18. Nf3 Be4 19. Nd2 1/2-1/2

[Event "Rapid Tournament (RAP)"]
[Site "Biel, Switzerland"]
[Date "2026.07.12"]
[Round "5.16"]
[White "Shukhman, Anna"]
[Black "Aryan, Mehta"]
[Result "1-0"]
[TimeControl "15 + 5"]
[WhiteTitle "-"]
[BlackTitle "-"]
[WhiteFideId "54180058"]
[BlackFideId "33329664"]
[WhiteElo "2272"]
[BlackElo "1921"]

1. e4 e5 2. Nf3 Nc6 3. Bb5 a6 4. Ba4 Nf6 5. O-O Nxe4 6. Re1 Nc5 7. Bxc6 dxc6 8. Nxe5 Be7 9. d4 Ne6 10. Be3 O-O 11. c4 f6 12. Nf3 Rf7 13. Nc3 Nf8 14. Qb3 b5 15.
d5 b4 16. Ne4 cxd5 17. cxd5 Bb7 18. Red1 Ng6 19. Rac1 Bd6 20. Nxd6 Qxd6 21. Bc5 Qd7 22. Rd4 a5 23. a3 a4 24.
Qc4 bxa3 25. Bxa3 Ne5 26. Nxe5 fxe5 27. Rd2 Ra6 28. Re1 Rg6 29. Rxe5 h6 30. Qe4 Qg4 31. f3 Qd7 32. Qxg6 1-0

[Event "Rapid Tournament (RAP)"]
[Site "Biel, Switzerland"]
[Date "2026.07.12"]
[Round "5.17"]
[White "Zecirovic, Giacomo"]
[Black "Tureshbayev, Anuar"]
[Result "0-1"]
[TimeControl "15 + 5"]
[WhiteTitle "-"]
[BlackTitle "-"]
[WhiteFideId "1339451"]
[BlackFideId "651081709"]
[WhiteElo "1886"]
[BlackElo "2246"]

1. e4 c5 2. c3 d5 3.
exd5 Nf6 4. d4 cxd4 5. cxd4 Nxd5 6.
Nc3 Nc6 7. Nf3 g6 8. Bc4 Nxc3 9. bxc3 Bg7 10. O-O O-O 11.
Re1 b6 12. Ba3 Re8 13. Ng5 e6 14. Nxf7 Kxf7 15. Qf3+ Kg8 16. Qxc6 Bd7 17. Qf3 Rc8 18. Bb3 Qg5 19. Rac1 Kh8 20.
Qg3 Qf5 21. Bd6 Kg8 22. Be5 Bh6 23. Rcd1 a5 24. a4 Bc6 25. c4 Bg7 26. h4 Be4 27. Bxg7 Kxg7 28. Qd6 Red8 29. Qe7+ Kh8 30. d5 Bxg2 31. dxe6 Rf8 32.
Re2 Qh3 33. f4 Qxb3 34. Rde1 Qg3 35. Qg5 Qxg5 36. fxg5 Bh3 37. e7 Rfe8 38. Rb1 Rc6 39. Rd1 Re6 40. Rxe6 Bxe6 41. Rd8 Bf7 42. Kf2 Kg7 43. Rd6 Rxe7 44.
Rxb6 Bxc4 0-1